 Dungeon Crawl Stone Soup version 0.23.2-33-g5129a83184 (webtiles) character file.

Game seed: 16355096787838876956

25 H0rd4k the Magician (level 2, -11/15 HPs)
             Began as a Deep Elf Wizard on July 11, 2019.
             Engulfed by a cloud of flame (26 damage)
             ... on level 1 of the Dungeon.
             The game lasted 00:02:12 (767 turns).

H0rd4k the Magician (Deep Elf Wizard)                Turns: 767, Time: 00:02:12

Health: -11/15     AC:  2    Str:  4    XL:     2   Next: 82%
Magic:  10/10      EV: 13    Int: 22    God:
Gold:   75         SH:  0    Dex: 13    Spells: 9/12 levels left

rFire    . . .     SeeInvis .   (no weapon)
rCold    . . .     Gourm    .   (no shield)
rNeg     . . .     Faith    .   a - +0 robe
rPois    .         Spirit   .   b - +0 hat
rElec    .         Reflect  .   (no cloak)
rCorr    .         Harm     .   (no gloves)
MR       .....                  (no boots)
Stlth    ++........             (no amulet)
HPRegen  0.05/turn              (no ring)
MPRegen  0.12/turn              (no ring)

@: no status effects
A: no striking features
a: no special abilities


You were on level 1 of the Dungeon.
You were not hungry.

You visited 1 branch of the dungeon, and saw 1 of its levels.

You collected 75 gold pieces.

Inventory:

Armour
 a - a +0 robe (worn)
 b - a +0 hat (worn)
 k - the cursed +1 ring mail of the Nexus {rC- rCorr Str+8, unknown}
   (You found it on level 1 of the Dungeon)

   It affects your strength (+8).
   It makes you vulnerable to cold.
   It provides partial protection from all sources of acid and corrosion.
   It has a curse placed upon it.
Jewellery
 j - an uncursed ring of see invisible {unknown}
Scrolls
 c - a scroll of noise {unknown}
 f - 2 scrolls of remove curse {unknown}
 g - 3 scrolls of random uselessness {unknown}
 h - a scroll of enchant weapon {unknown}
Potions
 e - a potion of haste {unknown}
 i - a potion of curing {unknown}
Comestibles
 d - 2 rations


   Skills:
 + Level 2.6 Dodging
 + Level 2.5 Stealth
 + Level 5.5 Spellcasting
 + Level 1.2 Conjurations
   Level 1.1 Summonings
 + Level 1.1 Translocations


You had 9 spell levels left.
You knew the following spells:

 Your Spells              Type           Power        Failure   Level  Hunger
a - Magic Dart            Conj           ##..         5%          1    None
b - Blink                 Tloc           N/A          10%         2    None

Your spell library contained the following spells:

 Spells                   Type           Power        Failure   Level  Hunger
 Call Imp                 Summ           ##......     10%         2    None
 Slow                     Hex            #.......     14%         2    None
 Conjure Flame            Conj/Fire      #.......     22%         3    ##.....
 Mephitic Cloud           Conj/Pois/Air  #.......     24%         3    ##.....


Dungeon Overview and Level Annotations

Branches:
Dungeon (1/15)

Altars:


Message History

You now have 75 gold pieces (gained 12).
You start resting.
Your magical contamination has completely faded away.
You start resting.
Magic restored.
Really walk into a travel-excluded area? [Y]es or [N]o only, please.
Really walk into a travel-excluded area?
f - 2 scrolls labeled LIKUIP VAORA (gained 1)
There are no items here.
You start resting.
HP restored.
Really walk into a travel-excluded area?
Okay, then.
Really walk into a travel-excluded area?
Really walk into that cloud of flame?
Okay, then.
You are engulfed in blazing flames.
Ouch! That really hurt!
You die...

......###########......##
### ......# ##....###
.†....##########....##
......#..........##.#####
........########..#......
..).....# #...####
#######.## #☼§§# #..###
#☼○○# ##...# #@§§# #
###.#####...#####.#
#..☼§§.....§○§..#
#...○○.....§○☼..#
##.§§☼.....§§☼..#
######...#####.# #○§☼# #
#§○§# #§.☼#


There were no monsters in sight!

Vanquished Creatures
  A dart slug (D:1)
  A giant cockroach (D:1)
  2 goblins (D:1)
  4 hobgoblins (D:1)
  2 jackals (D:1)
  4 bats (D:1)
  3 frilled lizards (D:1)
  6 rats (D:1)
23 creatures vanquished.

Vanquished Creatures (others)
  A goblin (D:1)
1 creature vanquished.

Grand Total: 24 creatures vanquished

Notes
Turn   | Place    | Note
-------+----------+-------------------------------------------
     0 | D:1      | H0rd4k the Deep Elf Wizard began the quest for the Orb.
     0 | D:1      | Reached XP level 1. HP: 10/10 MP: 7/7
   183 | D:1      | Reached skill level 5 in Spellcasting
   199 | D:1      | Reached XP level 2. HP: 13/15 MP: 5/10
   462 | D:1      | Learned a level 2 spell: Blink
   490 | D:1      | Got a jewelled ring mail
   767 | D:1      | Engulfed by a cloud of flame

Skill      XL: |  1 |
---------------+----+-----
Spellcasting   | 5 |  5.5
Dodging        | |  2.6
Stealth        | |  2.5
Conjurations   | |  1.2
Summonings     | |  1.1
Translocations | |  1.1

Action                   || total
-------------------------++-------
 Cast: Magic Dart        ||    45
       Blink             ||     4
Dodge: Dodged            ||     3
